 Dungeon Crawl Stone Soup version 0.30.2 (webtiles) character file.

Game seed: 12706318070008337046

838 LLlMATKO the Chopper (level 7, -2/94 HPs)
             Began as a Minotaur Berserker on Mar 3, 2024.
             Was a Believer of Trog.
             Succumbed to a water moccasin's poison
             ... on level 5 of the Dungeon.
             The game lasted 00:04:32 (4563 turns).

LLlMATKO the Chopper (Minotaur Berserker)           Turns: 4563, Time: 00:04:32

Health: -2/94      AC: 14    Str: 24    XL:     7   Next: 67%
Magic:  6/6        EV: 10    Int:  4    God:    Trog [**....]
Gold:   200        SH:  0    Dex:  9    Spells: 6/6 levels left

rFire   . . .        a - +0 hand axe (heavy)
rCold   + . .        (no shield)
rNeg    . . .        j - +2 chain mail {rC+}
rPois   .            (helmet restricted)
rElec   .            (no cloak)
rCorr   .            n - +0 pair of gloves
SInv    .            h - +0 pair of boots
Will    .....        (no amulet) Stlth
                     (no ring)
HPRegen 0.35/turn    (no ring)
MPRegen 0.10/turn

%: no passive effects
@: berserking (expiring), lethally poisoned (-2 -> -24), very quick
A: horns 2, retaliatory headbutt
a: Renounce Religion, Berserk, Trog's Hand


You were on level 5 of the Dungeon.
You worshipped Trog.
Trog was pleased with you.
You visited 1 branch of the dungeon, and saw 5 of its levels.

You collected 200 gold pieces.

Inventory:

Hand Weapons
 a - a +0 heavy hand axe (weapon)
Armour
 h - a +0 pair of boots (worn)
 j - a +2 chain mail of cold resistance (worn)
 n - a +0 pair of gloves (worn)
Wands
 r - a wand of polymorph (2)
 t - a wand of roots (10)
Scrolls
 b - a scroll of immolation
 c - a scroll of brand weapon
 d - 5 scrolls of magic mapping
 k - a scroll of noise {unknown}
 l - a scroll of identify {unknown}
 m - a scroll of vulnerability {unknown}
 q - a scroll of fear {unknown}
 u - a scroll of blinking {unknown}
Potions
 e - a potion of curing {unknown}
 f - a potion of resistance {unknown}
 g - 2 potions of degeneration {unknown}
 i - 3 potions of heal wounds {unknown}
 o - a potion of invisibility {unknown}
 p - 3 potions of might
 s - 2 potions of flight {unknown}


   Skills:
 + Level 6.2 Fighting
 + Level 6.3 Axes
 + Level 5.6 Armour
 + Level 5.2 Dodging


You had 6 spell levels left.
You didn't know any spells.
Your spell library was empty.

Dungeon Overview and Level Annotations

Branches:
Dungeon (5/15)
 Temple: D:4-7

Altars:
Qazlal

Shops:
D:5 [


Innate Abilities, Weirdness & Mutations

You have a pair of horns on your head.
You reflexively headbutt those who attack you in melee.


Message History

The water moccasin bites you but does no damage.
Unknown command.
You closely miss the water moccasin. Your punch misses the water moccasin.
The water moccasin is severely wounded.
You feel sick.
The water moccasin bites you but does no damage.
The water moccasin bites you.
You are more poisoned.
The water moccasin poisons you!
You hit the water moccasin.
The water moccasin is severely wounded.
You feel very sick.
The water moccasin bites you but does no damage.
The water moccasin barely misses you. The water moccasin bites you.
You are lethally poisoned!
The water moccasin poisons you!
A red film seems to cover your vision as you go berserk!
You feel yourself moving faster!
You feel mighty!
* * * LOW HITPOINT WARNING * * *
You feel very sick. The water moccasin bites you.
* * * LOW HITPOINT WARNING * * *
You are more poisoned.
The water moccasin poisons you!
You slash the water moccasin!
You kill the water moccasin!
Trog accepts your kill.
* * * LOW HITPOINT WARNING * * *
You feel extremely sick.
Unknown command.
You are too berserk!
You are too berserk!
There is a lethal amount of poison in your body!
There is a lethal amount of poison in your body!
* * * LOW HITPOINT WARNING * * *
You feel very sick.
You feel a strong urge to attack something.
* * * LOW HITPOINT WARNING * * *
You feel very sick.
You die...

**,,,,,,,**** *,,,,*,,,*
***,,**....*** *,,,,***,*
**,,,...),,***,,,,* *,**
******,,,.....,,**,,,,* *,,*
,,,,,,,,,.....,,***,*** **,*
+*****,,,,,....,,,*,******,* ,~~*
*,**,,*#..#*,,,,,,,*,,*
,~~***,**,####..####,**,,,**
_,,+,,,**,+..∩..@..+,***,,**
,~~*******####≈≈####** *,,,* ,~~*
*,*###,,,,* *,*,* +*** *,* *,**,*
*,*,****** ,** *,*
**,**,****,*,,,*,,, ,,*
*,***,,**,,**,,***,,,,, *,*
*,,,,,****,**,** **,,,, *,******
***,,** *,**,* ***,,,,
*,,,,,,******,,*****,,,,***,,,,^,


There were no monsters in sight!

Vanquished Creatures
  A water moccasin (D:5)
  A black bear (D:4)
  An ogre (D:4)
  A scorpion (D:4)
  A hound (D:4)
  4 orc priests
  Ijyb (D:2)
  Natasha (thrice) (D:3)
  3 iguanas (D:4)
  Terence (D:2)
  7 adders
  A white imp (D:5)
  An ufetubus (D:5)
  2 dart slugs
  5 orcs
  11 ball pythons
  9 endoplasms
  2 giant cockroaches (D:1)
  6 goblins
  6 hobgoblins
  7 quokkas
  3 bats
  4 frilled lizards
  10 kobolds
  3 rats
94 creatures vanquished.

Notes
Turn   | Place    | Note
-------+----------+-------------------------------------------
     0 | D:1      | LLlMATKO the Minotaur Berserker began the quest for the
                  | Orb.
     0 | D:1      | Reached XP level 1. HP: 19/19 MP: 0/0
   360 | D:1      | Reached XP level 2. HP: 24/27 MP: 1/1
   900 | D:1      | Reached XP level 3. HP: 28/33 MP: 2/2
  1253 | D:2      | Noticed Terence
  1271 | D:2      | Killed Terence
  1440 | D:2      | Found a stormy altar of Qazlal.
  1477 | D:2      | Reached ** piety under Trog
  1478 | D:2      | Reached XP level 4. HP: 35/40 MP: 3/3
  2154 | D:3      | Noticed Natasha
  2161 | D:3      | Killed Natasha
  2182 | D:3      | Reached XP level 5. HP: 47/47 MP: 4/4
  2638 | D:3      | Noticed Ijyb
  2663 | D:2      | Killed Ijyb
  2757 | D:3      | Noticed Natasha
  2767 | D:3      | Killed Natasha
  2768 | D:3      | Reached skill level 5 in Fighting
  2768 | D:3      | Reached skill level 5 in Axes
  3144 | D:3      | Noticed Natasha
  3148 | D:3      | Killed Natasha
  3736 | D:4      | Reached XP level 6. HP: 46/56 MP: 5/5
  3970 | D:4      | Reached skill level 5 in Armour
  3970 | D:4      | Reached XP level 7. HP: 45/62 MP: 6/6
  4381 | D:4      | Reached skill level 5 in Dodging
  4523 | D:5      | Entered Level 5 of the Dungeon
  4544 | D:5      | Found Serohugh's Antique Armour Shoppe.
  4562 | D:5      | HP: 2/94 [poisoned by a water moccasin]
  4563 | D:5      | Succumbed to a water moccasin's poison

Illustrated notes

Levels and vault maps discovered:
D:1:      wander_arrival_peaceful_grave, layout_basic,
          dreamdust_princess_corridor, minmay_misc_feat_cross,
          serial_bayou_ford_a
D:2:      layout_basic, basic_altar, serial_glass, glass_columns_c,
          glass_columns_a, minmay_tromino_mix6, uniq_terence
D:3:      layout_loops_ring, chequers_hall_statues_corner_a, uniq_natasha,
          uniq_ijyb
D:4:      minmay_angry_zag, layout_rooms, minmay_quadrilaterals
D:5:      lemuel_ice_spiral_2, layout_rooms, kennysheep_little_box,
          serial_shops, kennysheep_mini_moat, shop, nicolae_shop_hallway_stairs,
          shop, enter_ossuary_5

Skill      XL: |  1  2  3  4  5  6  7 |
---------------+----------------------+-----
Fighting       | 4 5 6 |  6.2
Axes           | 4 5 6 |  6.3
Armour         | 3 4 5 |  5.6
Dodging        | 3 4 5 |  5.2

Action                     |  1- 3 |  4- 6 |  7- 9 || total
---------------------------+-------+-------+-------++-------
  Melee: Hand axe          |    79 |   123 |    41 ||   243
         Headbutt          |     4 |    24 |     3 ||    31
         Punch             |     1 |       |     1 ||     2
 Invoke: Berserk           |     1 |     2 |     1 ||     4
    Use: Scroll            |       |       |     3 ||     3
 Armour: Animal skin       |    11 |       |       ||    11
         Scale mail        |     5 |       |       ||     5
         Chain mail        |     1 |    80 |    27 ||   108
         Skin              |       |     1 |       ||     1
  Dodge: Dodged            |    47 |    58 |    23 ||   128
